 Dungeon Crawl Stone Soup version 0.26.0-45-g9c1d065592 (webtiles) character file.

Game seed: 12962795768360511644

2601 promet the Fighter (level 9, -5/81 HPs)
             Began as a Hill Orc Fighter on Jan 30, 2021.
             Slain by Erica
             ... wielding a +0 scimitar of flaming
              (6 damage)
             ... on level 8 of the Dungeon on Jan 31, 2021.
             The game lasted 00:40:20 (7671 turns).

promet the Fighter (Hill Orc Fighter)               Turns: 7671, Time: 00:40:20

Health: -5/81      AC:  4    Str: 22    XL:     9   Next: 59%
Magic:  9/9        EV:  9    Int:  8    God:
Gold:   329        SH:  0    Dex: 16    Spells: 8/8 levels left

rFire    x . .     SeeInvis .   a - +1 demon trident (venom)
rCold    + . .     Faith    .   (no shield)
rNeg     . . .     Spirit   .   v - +0 chain mail
rPois    .         Reflect  .   f - +0 helmet
rElec    .         Harm     .   w - +0 cloak
rCorr    .         Rampage  .   (no gloves)
Will     .....                  (no boots)
Stlth    ..........             (no amulet)
HPRegen  0.23/turn              m - ring of ice
MPRegen  0.11/turn              A - +6 ring of dexterity

@: confused, corroded
A: no striking features
a: no special abilities


You were on level 8 of the Dungeon.
You visited 1 branch of the dungeon, and saw 8 of its levels.

You collected 329 gold pieces.

Inventory:

Hand Weapons
 a - a +1 demon trident of venom (weapon)
 b - a +0 hunting sling
 h - a +0 spear
 k - a +0 war axe
 t - a +0 battleaxe
 y - a +2 spear of venom
Missiles
 e - 158 arrows
 g - 209 stones
 n - an atropa-tipped dart
 o - 38 sling bullets
 z - 11 boomerangs (quivered)
Armour
 c - a +1 kite shield
 f - a +0 helmet (worn)
 v - a +0 chain mail (worn)
 w - a +0 cloak (worn)
Jewellery
 m - a ring of ice (left hand)
 r - an uncursed ring of magical power
 A - a +6 ring of dexterity (right hand)
 D - an uncursed ring of ice
 E - an uncursed ring of ice
Wands
 B - a wand of paralysis (24)
 C - a wand of digging (7)
Scrolls
 i - 8 scrolls of teleportation
 j - a scroll of blinking
 l - 2 scrolls of identify
 p - 3 scrolls of remove curse
 q - 2 scrolls of amnesia
 s - a scroll of magic mapping
Potions
 d - 2 potions of might
 u - 2 potions of berserk rage


   Skills:
 * Level 8.1 Fighting
 + Level 6.9(8.4) Axes
 + Level 6.2(7.3) Polearms
 + Level 2.5(2.7) Slings
 + Level 1.2(2.1) Throwing
 + Level 6.4 Armour
 + Level 1.8 Dodging
 + Level 0.9 Stealth
 + Level 5.9 Shields


You had 8 spell levels left.
You didn't know any spells.
Your spell library was empty.

Dungeon Overview and Level Annotations

Branches:
Dungeon (8/15)             Temple (0/1) D:4
   Lair: D:8-11

Altars:

Annotations:
D:3 2 transporters, MrSixtyFour's ghost, amateur HuWn
D:4 1 runed translucent door, Crazy Yiuf
D:5 3 runed translucent doors, lawman0's ghost, weakling SpDe
D:8 Erica


Message History

* * * LOW HITPOINT WARNING * * *
The acid corrodes you!
You are splashed with acid!
* * * LOW HITPOINT WARNING * * *
You are confused.
You feel invigorated.
A sky beast appears from thin air!
Reactivating autopickup.
The sky beast hits you but does no damage.
Erica barely misses you.
You closely miss Erica.
Erica is heavily wounded.
The sky beast hits you.
* * * LOW HITPOINT WARNING * * *
The sky beast shocks you.
* * * LOW HITPOINT WARNING * * *
You completely miss Erica.
Erica is heavily wounded.
Erica hits you with a +0 scimitar of flaming!
* * * LOW HITPOINT WARNING * * *
Erica burns you.
You die...

..##.######.. ..
............ #....
..........###.....
..Y.........#.....
#..†........ ..
#.<.........
...##...........
.....?.@Y.......
........@......#
....(.#..........
........=.......>
...).............
.....#......##...
............ ##
.........####
........## .......


You could see Erica and a sky beast.

Vanquished Creatures
  Sigmund (D:3)
  Edmund (D:4)
  Menkaure (D:5)
  2 orc warriors
  An ice beast (D:3)
  2 black bears
  3 ogres
  2 phantoms
  A centaur (D:3)
  A big kobold (D:7)
  A wyvern zombie (D:6)
  3 bullfrogs
  2 scorpions
  A howler monkey (D:6)
  4 hounds
  A jelly (D:5)
  An orc priest (D:6)
  2 bullfrog skeletons
  2 iguanas (D:5)
  6 orc wizards
  Natasha (twice) (D:4)
  2 killer bee zombies
  A hound skeleton (D:7)
  Robin (D:3)
  2 gnolls (D:1)
  7 adders
  2 shadow imps (D:6)
  An adder zombie (D:6)
  4 worms
  2 dart slugs
  2 leopard geckos
  19 orcs
  3 ball pythons
  3 bats
  2 giant cockroaches
  12 goblins
  12 hobgoblins
  4 jackals (D:6)
  A quokka (D:2)
  A ball python skeleton (D:4)
  3 frilled lizards
  15 kobolds
  A quokka skeleton (D:6)
  5 rats
145 creatures vanquished.

Notes
Turn   | Place    | Note
-------+----------+-------------------------------------------
     0 | D:1      | promet the Hill Orc Fighter began the quest for the Orb.
     0 | D:1      | Reached XP level 1. HP: 19/19 MP: 1/1
    33 | D:1      | Reached skill level 4 in Fighting
    33 | D:1      | Reached XP level 2. HP: 21/27 MP: 2/2
   432 | D:1      | Reached XP level 3. HP: 33/33 MP: 3/3
  1677 | D:3      | Found a transporter.
  1677 | D:3      | Noticed MrSixtyFour's ghost (amateur HuWn)
  1721 | D:3      | Reached XP level 4. HP: 33/41 MP: 4/4
  1732 | D:3      | Noticed Robin
  1746 | D:3      | Killed Robin
  1874 | D:3      | Noticed an ice beast
  2116 | D:3      | Noticed a centaur
  2131 | D:3      | Killed a centaur
  2132 | D:3      | Reached XP level 5. HP: 29/47 MP: 5/5
  2153 | D:3      | Killed an ice beast
  2154 | D:3      | Reached skill level 5 in Fighting
  2154 | D:3      | Reached skill level 5 in Axes
  2154 | D:3      | Reached XP level 6. HP: 25/56 MP: 6/6
  2399 | D:3      | Noticed Sigmund
  2415 | D:3      | Killed Sigmund
  2416 | D:3      | Reached skill level 1 in Dodging
  2416 | D:3      | Reached XP level 7. HP: 37/61 MP: 7/7
  2558 | D:3      | Found a transporter.
  3144 | D:4      | Noticed Edmund
  3154 | D:4      | Killed Edmund
  3155 | D:4      | Reached skill level 1 in Polearms
  3173 | D:4      | Reached skill level 6 in Fighting
  3215 | D:4      | Found a staircase to the Ecumenical Temple.
  3352 | D:4      | Reached skill level 5 in Armour
  3481 | D:4      | Noticed Natasha
  3485 | D:4      | Killed Natasha
  3736 | D:4      | Found a runed translucent door.
  3737 | D:4      | Noticed Crazy Yiuf
  3806 | D:4      | Noticed Natasha
  3814 | D:4      | Killed Natasha
  4162 | D:5      | Entered Level 5 of the Dungeon
  4206 | D:5      | Reached skill level 1 in Throwing
  4206 | D:5      | Reached XP level 8. HP: 67/71 MP: 8/8
  4652 | D:5      | Noticed Menkaure
  4667 | D:5      | Killed Menkaure
  4668 | D:5      | Reached skill level 5 in Shields
  4837 | D:5      | Found a runed translucent gate.
  4837 | D:5      | Found a runed translucent gate.
  4837 | D:5      | Found a runed translucent gate.
  4871 | D:5      | Noticed lawman0's ghost (weakling SpDe)
  5128 | D:6      | Reached skill level 1 in Slings
  5522 | D:6      | Reached skill level 5 in Polearms
  5539 | D:6      | Reached skill level 7 in Fighting
  5586 | D:6      | Reached XP level 9. HP: 61/79 MP: 9/9
  6791 | D:7      | HP: 4/80 [orc warrior/+0 trident (9)]
  7104 | D:7      | Identified a scroll of acquirement
  7104 | D:7      | Acquired a +1 demon trident of venom
  7388 | D:7      | Reached skill level 8 in Fighting
  7654 | D:8      | Noticed Erica
  7667 | D:8      | HP: 2/81 [acid (13)]
  7671 | D:8      | Slain by Erica

Illustrated notes

Levels and vault maps discovered:
D:1:      denvon_arrival_planthouse, layout_loops_ring
D:2:      layout_loops_corners
D:3:      layout_loops_ring, gammafunk_ghost_stat_death, uniq_robin,
          uniq_sigmund
D:4:      layout_cave_pods, minmay_temple_entry_slanted, uniq_edmund,
          uniq_natasha, uniq_crazy_yiuf_cottage
D:5:      layout_rooms, gammafunk_ghost_necromancy, minmay_misc_feat_alley,
          uniq_menkaure
D:6:      layout_basic, due_unseen_surprise
D:7:      layout_rooms, kennysheep_generic_room_3
D:8:      layout_cave_pools, general_overflow_altar, uniq_prince_ribbit1,
          uniq_grum, uniq_erica

Skill      XL: |  1  2  3  4  5  6  7  8  9 |
---------------+----------------------------+-----
Fighting       | 4 5 6 7 8 |  8.1
Axes           | 3 4 5 6 |  6.9
Armour         | 4 5 6 |  6.4
Shields        | 4 5 |  5.9
Dodging        | 1 |  1.8
Polearms       | 2 5 6 |  6.2
Throwing       | 1 |  1.2
Slings         | 1 2 |  2.5
Stealth        | |  0.9

Action                   |  1- 3 |  4- 6 |  7- 9 || total
-------------------------+-------+-------+-------++-------
Melee: War axe           |    95 |    83 |       ||   178
       Spear             |       |     8 |   310 ||   318
       Demon trident     |       |       |    48 ||    48
       Battleaxe         |       |       |    39 ||    39
 Fire: Hunting sling     |       |       |    18 ||    18
Throw: Stone             |     1 |     2 |    18 ||    21
       Dart              |       |       |     3 ||     3
       Boomerang         |       |       |     3 ||     3
  Use: Scroll            |     6 |       |     8 ||    14
       Potion            |     1 |     3 |     8 ||    12
 Stab: Distracted        |       |     1 |       ||     1
Armor: Scale mail        |    38 |    39 |    24 ||   101
       Chain mail        |       |       |    99 ||    99
Dodge: Dodged            |    28 |    25 |    91 ||   144
Block: Kite shield       |    47 |    52 |   108 ||   207
